 Dungeon Crawl Stone Soup version 0.21-a0-349-g0c35859 (webtiles) character file.

2916 VirginKiller the Ruffian (level 9, -2/67 HPs)
             Began as a Demigod Skald on Oct 8, 2017.
             Slain by an orc
             ... wielding a +2 trident of venom
              (3 damage)
             ... on level 7 of the Dungeon.
             The game lasted 00:56:12 (8105 turns).

VirginKiller the Ruffian (Demigod Skald)            Turns: 8105, Time: 00:56:13

Health: -2/67      AC:  6    Str: 23    XL:     9   Next: 25%
Magic:  20/20      EV: 12    Int: 17    God:
Gold:   316        SH:  0    Dex: 15    Spells: 7/18 levels left

rFire    . . .     SeeInvis .     - Unarmed
rCold    . . .     Gourm    .   (no shield)
rNeg     . . .     Faith    .   m - +1 leather armour {MR+}
rPois    +         Spirit   .   s - +2 hat
rElec    .         Reflect  .   (no cloak)
rCorr    .         Harm     .   (no gloves)
MR       +....                  (no boots)
Stlth    +.........             x - amulet of magic regeneration
HPRegen  0.21/turn              h - ring of poison resistance
MPRegen  0.42/turn              f - +3 ring of strength

@: lethally poisoned (-2 -> -6)
A: high mp 1
a: no special abilities


You were on level 7 of the Dungeon.
You were not hungry.

You visited 1 branch of the dungeon, and saw 7 of its levels.

You collected 316 gold pieces.

Inventory:

Hand Weapons
 a - a +0 blowgun
Missiles
 i - 23 poisoned needles
 k - 58 arrows
 F - 6 javelins (quivered)
Armour
 m - a +1 leather armour of magic resistance (worn)
 s - a +2 hat (worn)
 D - a +2 chain mail of cold resistance
Jewellery
 f - a +3 ring of strength (right hand)
 h - a ring of poison resistance (left hand)
 x - an amulet of magic regeneration (around neck)
Wands
 t - a wand of confusion (12/48)
 B - a wand of confusion (40/48)
Scrolls
 d - a scroll of teleportation
 e - 4 scrolls of remove curse
 l - 2 scrolls of identify {unknown}
 p - a scroll of blinking {unknown}
 u - a scroll of magic mapping {unknown}
 y - a scroll of fear {unknown}
 C - a scroll of fog {unknown}
 G - a scroll of enchant armour {unknown}
Potions
 b - a potion of ambrosia
 g - 2 potions of cancellation {unknown}
 j - a potion of might {unknown}
 r - 2 potions of agility
 v - 2 potions of haste
 w - a potion of resistance {unknown}
 z - a potion of magic {unknown}
 A - a potion of mutation {unknown}
Comestibles
 c - 4 bread rations
 q - 2 royal jellies
 E - 4 fruits


   Skills:
 - Level 1.7 Fighting
 + Level 5.2 Throwing
 - Level 0.8 Armour
 - Level 1.7 Dodging
 * Level 6.6 Unarmed Combat
 - Level 5.0 Spellcasting
 - Level 5.0 Charms
 + Level 3.9 Necromancy
 - Level 3.3 Translocations


You had 7 spell levels left.
You knew the following spells:

 Your Spells              Type           Power        Failure   Level  Hunger
a - Infusion              Chrm           ###.         1%          1    None
b - Song of Slaying       Chrm           ###.....     3%          2    #......
c - Shroud of Golubria    Chrm/Tloc      ###.......   4%          2    #......
d - Regeneration          Chrm/Necr      ###.......   8%          3    ###....
e - Spectral Weapon       Hex/Chrm       ##......     17%         3    ###....


Dungeon Overview and Level Annotations

Branches:
Dungeon (7/15)
 Temple: D:4-7

Shops:
D:4 =   D:6 }

Annotations:
D:7 Joseph


Innate Abilities, Weirdness & Mutations

You have an increased reservoir of magic. (+10% MP)


Message History

* * * LOW HITPOINT WARNING * * *
You punch the orc wizard!
You kill the orc wizard!
The orc hits you with a trident of venom.
* * * LOW HITPOINT WARNING * * *
You are poisoned.
Things that are here:
a chain mail; an orc corpse You hit the orc.
The orc is heavily wounded.
* * * LOW HITPOINT WARNING * * *
You feel sick.
The orc hits you with a trident of venom.
* * * LOW HITPOINT WARNING * * *
You barely miss the orc.
The orc is heavily wounded.
* * * LOW HITPOINT WARNING * * *
You feel sick.
The orc hits you with a trident of venom.
You die...

#.## ...# #..#
################
#..##########..........(...#
#.............############.#
##.#########..## #.# ##.##
####...## ###.# ....#
........)#### #...# ##.##
.####....@o.# #...# #..
........##.# #...# #.#
####.#.###.# ##.## #.# #.###
#.# #.# #.# #. #o# #.# #.#
#. #(# #.# #. #.# #.# #.#
#.# .......(...# #.#


You could see an orc.

Vanquished Creatures
  The ghost of p0werm0de the Skirmisher, a novice GrCK of Xom (D:6)
  A hornet (D:6)
  Edmund (D:6)
  Duvessa (D:4)
  An orc warrior (D:7)
  2 ice beasts (D:5)
  2 ogres
  A centaur (D:7)
  2 phantoms (D:5)
  Blork the orc (D:4)
  4 bullfrogs (D:6)
  Dowan (D:4)
  A scorpion (D:3)
  5 wights
  An electric eel (D:6)
  2 crimson imps (D:5)
  2 howler monkeys
  A hound (D:4)
  2 bullfrog skeletons
  An orc priest (D:6)
  A centaur skeleton (D:4)
  An iguana (D:6)
  Ijyb (D:5)
  4 worker ants
  6 orc wizards
  2 hound skeletons (D:6)
  2 hound zombies (D:5)
  7 adders
  3 gnolls (D:6)
  A shadow imp (D:5)
  An ooze (D:1)
  An adder zombie (D:6)
  An adder skeleton (D:4)
  11 dart slugs
  2 leopard geckos
  18 orcs
  4 bats (D:3)
  5 giant cockroaches
  6 goblins
  13 hobgoblins
  10 jackals
  3 quokkas
  A ball python (D:4)
  4 frilled lizards
  6 kobolds
  9 rats
156 creatures vanquished.

Notes
Turn   | Place    | Note
-------+----------+-------------------------------------------
     0 | D:1      | VirginKiller the Demigod Skald began the quest for the Orb.
     0 | D:1      | Reached XP level 1. HP: 17/17 MP: 5/5
    48 | D:1      | Reached skill level 2 in Unarmed Combat
    88 | D:1      | Reached XP level 2. HP: 21/24 MP: 4/7
   559 | D:1      | Learned a level 2 spell: Song of Slaying
   577 | D:2      | Reached XP level 3. HP: 11/29 MP: 1/8
   904 | D:2      | Learned a level 2 spell: Shroud of Golubria
  1150 | D:3      | Reached XP level 4. HP: 29/36 MP: 1/9
  1214 | D:3      | Reached skill level 3 in Unarmed Combat
  2369 | D:3      | Reached XP level 5. HP: 16/41 MP: 0/10
  2865 | D:4      | Found Ulegant's Jewellery Shop.
  2866 | D:4      | Noticed Dowan
  2867 | D:4      | Noticed Duvessa
  2890 | D:4      | Noticed Blork the orc
  3331 | D:4      | Reached skill level 1 in Throwing
  3558 | D:4      | Learned a level 3 spell: Regeneration
  3573 | D:4      | Killed Duvessa
  3573 | D:4      | Reached XP level 6. HP: 48/48 MP: 2/13
  3586 | D:4      | Killed Dowan
  3694 | D:4      | Killed Blork the orc
  4076 | D:4      | Learned a level 3 spell: Spectral Weapon
  4092 | D:4      | Reached skill level 4 in Unarmed Combat
  4401 | D:5      | Entered Level 5 of the Dungeon
  4455 | D:5      | Reached XP level 7. HP: 50/53 MP: 6/16
  5047 | D:5      | Found a shimmering altar of Xom.
  5143 | D:5      | Noticed Ijyb
  5165 | D:5      | Reached skill level 5 in Spellcasting
  5184 | D:5      | Killed Ijyb
  5506 | D:5      | Reached skill level 5 in Unarmed Combat
  5506 | D:5      | Reached XP level 8. HP: 49/60 MP: 19/19
  5526 | D:5      | Reached skill level 5 in Charms
  5737 | D:5      | Found a bloodstained altar of Trog.
  5758 | D:6      | Noticed Edmund
  5775 | D:6      | Killed Edmund
  5775 | D:6      | Reached skill level 1 in Necromancy
  5775 | D:6      | Reached skill level 1 in Translocations
  5776 | D:6      | Noticed a hornet
  5787 | D:6      | Killed a hornet
  6029 | D:6      | Found a glowing golden altar of the Shining One.
  6955 | D:6      | Found Qadavi's Gadget Shoppe.
  7113 | D:6      | Noticed p0werm0de's ghost (novice GrCK)
  7145 | D:6      | Killed p0werm0de's ghost
  7145 | D:6      | Reached XP level 9. HP: 67/67 MP: 14/20
  7154 | D:6      | Reached skill level 6 in Unarmed Combat
  7264 | D:6      | Reached skill level 5 in Throwing
  7654 | D:7      | Noticed Joseph
  8104 | D:7      | HP: 2/67 [orc/trident of venom (4)]
  8105 | D:7      | Slain by an orc

Vault maps used:
D:1:      dpeg_arrival_fog, minivault_14
D:2:      first_bread
D:4:      serial_shops, shop, uniq_duvessa, uniq_blork_the_orc
D:5:      kennysheep_mini_moat, basic_altar, uniq_ijyb
D:6:      kennysheep_slugbush, tso_oasis_becter, serial_shops, shop, uniq_edmund
D:7:      lemuel_coloured_pillars_altar, nicolae_overflow_crystal_walls,
          minmay_temple_entry_trees, uniq_prince_ribbit1, uniq_joseph

Skill      XL: |  1  2  3  4  5  6  7  8  9 |
---------------+----------------------------+-----
Charms         | 3 4 5 |  5.0
Unarmed Combat | 2 3 4 5 6 |  6.6
Spellcasting   | 2 3 4 5 |  5.0
Throwing       | 1 2 3 4 5 |  5.2
Necromancy     | 3 |  3.9
Translocations | 3 |  3.3
Fighting       | |  1.7
Armour         | |  0.8
Dodging        | |  1.7

Action                   |  1- 3 |  4- 6 |  7- 9 || total
-------------------------+-------+-------+-------++-------
Melee: Unarmed           |   137 |   250 |   280 ||   667
       Punch             |       |     4 |     6 ||    10
 Fire: Blowgun           |       |    17 |    86 ||   103
Throw: Javelin           |       |       |     5 ||     5
 Cast: Infusion          |    20 |    24 |    29 ||    73
       Shroud of Golubri |     3 |    14 |    20 ||    37
       Song of Slaying   |     1 |     2 |     1 ||     4
       Regeneration      |       |     2 |    10 ||    12
Evoke: Wand              |       |       |     1 ||     1
  Use: Potion            |     1 |     6 |     3 ||    10
       Scroll            |       |     5 |     1 ||     6
  Eat: Chunk             |     2 |     5 |     3 ||    10
       Royal jelly       |       |     1 |       ||     1
       Bread ration      |       |     1 |     2 ||     3
       Meat ration       |       |       |     1 ||     1
Armor: Leather armour    |    31 |    48 |    57 ||   136
       Skin              |       |    16 |    13 ||    29
Dodge: Dodged            |    93 |   139 |   138 ||   370

Table legend:
 A = Spawn XP
 B = Non-spawn XP
 C = Spawn XP percentage of total XP
 D = Spawn monster count
 E = Non-spawn monster count
 F = Spawn count percentage of total count
 G = Total turns spent on level
                    A         B        C        D         E        F      G
               +---------+---------+-------+---------+---------+-------+---------
         Total |       0 |    4167 |   0.0 |       0 |     156 |   0.0 |  8105
               +---------+---------+-------+---------+---------+-------+---------
           D:1 |       0 |      48 |   0.0 |       0 |      21 |   0.0 |  1029
           D:2 |       0 |      62 |   0.0 |       0 |      15 |   0.0 |   746
           D:3 |       0 |     138 |   0.0 |       0 |      31 |   0.0 |  1392
           D:4 |       0 |     564 |   0.0 |       0 |      18 |   0.0 |  1234
           D:5 |       0 |    1072 |   0.0 |       0 |      28 |   0.0 |  1538
           D:6 |       0 |    1850 |   0.0 |       0 |      34 |   0.0 |  1741
           D:7 |       0 |     433 |   0.0 |       0 |       9 |   0.0 |   425
               +---------+---------+-------+---------+---------+-------+---------
